[Event "Czech Championship Women 2022"]
[Site "Jaromerice nad Rokytnou"]
[Date "2022.05.24"]
[Round "4.4"]
[White "Sikorova, Olga"]
[Black "Trasakova, Adela"]
[Result "1-0"]
[ECO "A11"]
[WhiteElo "2173"]
[BlackElo "1842"]
[Annotator "TA"]
[PlyCount "57"]
[EventDate "2022.05.24"]
[EventType "tourn"]
[EventCountry "CZE"]
[SourceTitle "playchess.com"]
[Source "ChessBase"]
[SourceQuality "1"]
[TimeControl "40/5400+30:1800+30"]

1. c4 c6 2. g3 Nf6 3. Nf3 d5 4. Bg2 dxc4 5. O-O Nbd7 6. Na3 Nb6 7. Qc2 Be6 {[%emt 0:00:09] A11: English Opening: 1...c6.} 8. Ne5 Qd4 {[%emt 0:04:40] [#]} 9. Nxc6 bxc6 {[%emt 0:00:22] White has an edge.} 10. Bxc6+ Nfd7 11. Nb5 {[%emt 0:13:14] [#]} Qc5 $146 (11... Qe5 $11 12. d4 cxd3 13. exd3 Rc8 14. Nxa7 {[#]} Rxc6 $1 15. Nxc6 Qd5) ({Predecessor:} 11... Qe5 12. d4 cxd3 13. Qxd3 Rc8 14. Nxa7 Rxc6 15. Nxc6 Qc5 16. Nd4 Bc4 17. Qd1 e5 {0-1 (35) Pantsulaia,L (2599)-Magem Badals,J (2589) Khanty-Mansiysk 2010}) 12. Nc7+ $16 Kd8 13. Nxe6+ fxe6 14. Bxa8 Nxa8 15. d3 cxd3 (15... g6 $16 {was worth a try.} 16. Be3 (16. Qxc4 Qxc4 17. dxc4 Nab6 $16) (16. dxc4 Nab6 $16) 16... Qc7) 16. Qxd3 $18 Qd6 17. Qc2 {[%emt 0:03:13] Be3 is the strong threat.} Nab6 18. Be3 Ke8 19. Rfd1 Qb8 20. Rac1 Kf7 21. Qc7 Qxc7 22. Rxc7 Nf6 23. Rxa7 Nc4 24. Bc5 Nxb2 25. Rc1 g6 26. Ba3 Bh6 (26... Na4 $18 27. Rxa4 Bg7) 27. Rxe7+ {[%emt 0:01:12] White mates.} Kg8 28. Rc8+ Bf8 29. Rb7 {[%emt 0:01:47] Black got outplayed after the opening.  Weighted Error Value: White=0.05 (flawless) /Black=0.76} 1-0

[Event "Czech Championship Women 2022"]
[Site "Jaromerice nad Rokytnou"]
[Date "2022.05.24"]
[Round "4.5"]
[White "Novosadova, Kristyna"]
[Black "Koubova, Anna Marie"]
[Result "0-1"]
[ECO "C10"]
[WhiteElo "2147"]
[BlackElo "2115"]
[Annotator "TA"]
[PlyCount "148"]
[EventDate "2022.05.24"]
[EventType "tourn"]
[EventCountry "CZE"]
[SourceTitle "playchess.com"]
[Source "ChessBase"]
[SourceQuality "1"]
[TimeControl "40/5400+30:1800+30"]

1. e4 {[%emt 0:00:04] Finkel,A} e6 2. d4 d5 3. Nc3 Nc6 4. Nge2 dxe4 5. Nxe4 Nf6 6. Nxf6+ {[%emt 0:01:09] C10: French with 3 Nc3: Unusual Black 3rd moves and 3...dxe4.} Qxf6 {[%emt 0:00:19] [#]} 7. h4 $146 ({Predecessor:} 7. Be3 b6 8. Qd2 Bb7 9. O-O-O h6 10. c3 O-O-O 11. Qc2 e5 12. d5 Ne7 13. c4 {0-1 (42) Hector,J (2542)-Hall,J (2486) Malmo 1999 CBM 072 [Finkel,A]}) 7... Bd6 (7... e5 $5 ) 8. Bg5 {[%emt 0:02:50] The position is equal.} Qf5 {[%emt 0:02:13] White should prevent ...Nb4.} 9. Nc3 e5 (9... Nb4 $11 10. Rc1 h6) 10. Bd3 Qg4 11. d5 {[%emt 0:06:44] [#] Hoping for Qxg4.} Qxd1+ (11... Qxg2 $2 12. Be4 Qg4 13. dxc6 $18) 12. Rxd1 Nb4 13. Bb5+ Kf8 14. Ba4 f6 15. Be3 Bf5 16. Rd2 (16. Kd2 {keeps more tension.} b5 17. Nxb5 Nxd5 18. Nxd6 cxd6 19. c4) 16... Na6 17. Bb5 Nc5 18. f3 h5 19. O-O a6 20. Be2 Kf7 21. f4 exf4 22. Bxf4 Ne4 23. Nxe4 Bxe4 24. Bxd6 cxd6 25. Bf3 Rae8 26. c3 Re5 27. Rd4 Rhe8 28. a4 b5 (28... Bxf3 $15 29. Rxf3 Kg6) 29. axb5 (29. Bd1) (29. Bd1 $1 $11) 29... axb5 (29... Bxf3 $17 30. Rxf3 axb5) 30. Rb4 (30. Bd1) (30. Bd1 $11) 30... Bxf3 $17 (30... Bxd5 31. Rxb5 Bxf3 32. Rxe5 dxe5 33. gxf3) ({And not} 30... Bxd5 31. Rxb5 Bxf3 32. Rxe5 dxe5 33. gxf3 $15) 31. Rxf3 Rxd5 {[%emt 0:00:11][%mdl 4096] Endgame KRR-KRR} 32. c4 (32. g3) (32. g3 $17) 32... bxc4 33. Rxc4 Re7 34. b4 Rb7 35. Kh2 (35. Rb3 $142) 35... Rdb5 36. Rff4 (36. Rb3) (36. Rb3 $17) 36... d5 $19 37. Rcd4 Ke6 {[%emt 0:01:06] Inhibits Rf5. And now ...Ke5 would win.} 38. g4 hxg4 39. Rxg4 Ke5 40. h5 f5 41. Rgf4 Ra7 {[%emt 0:04:48] ...Ra2+ is the strong threat.} 42. Kg3 $2 (42. Rh4) 42... Ra3+ 43. Kf2 Rh3 44. Rh4 Rxh4 45. Rxh4 {[%emt 0:00:00] KR-KR} d4 46. h6 gxh6 {[%emt 0:00:24] White must now prevent ...h5.} 47. Rxh6 Rxb4 48. Rh8 Rb3 49. Rd8 Ke4 50. Re8+ Kf4 51. Rh8 Rb2+ 52. Ke1 Ke3 53. Re8+ Kd3 54. Rf8 Re2+ 55. Kf1 Re5 56. Kf2 Rd5 57. Ra8 Kc3 58. Rc8+ Kd2 59. Ra8 Rc5 60. Ra2+ Kc1 61. Ra4 Rd5 62. Rc4+ Kd2 63. Ra4 d3 64. Ra8 Kc2 65. Rc8+ {[%emt 0:00:32] [#]} Kd1 $1 66. Rc7 d2 67. Rc8 Rd3 68. Rc7 Rd5 69. Rc8 $1 Rd4 {[%emt 0:00:24] ( -> ...Rf4+)} 70. Rc5 Rf4+ 71. Ke3 Rf1 {[%emt 0:00:52] Black mates.} 72. Rd5 f4+ 73. Kd3 Rf3+ 74. Ke4 Rc3 {[%emt 0:00:19] Weighted Error Value: White=0.63/Black=0.13 (very precise)} 0-1

[Event "Czech Championship Women 2022"]
[Site "Jaromerice nad Rokytnou"]
[Date "2022.05.25"]
[Round "5.1"]
[White "Koubova, Anna Marie"]
[Black "Pilsova, Karolina"]
[Result "1/2-1/2"]
[ECO "E11"]
[WhiteElo "2115"]
[BlackElo "2229"]
[Annotator "TA"]
[PlyCount "72"]
[EventDate "2022.05.24"]
[EventType "tourn"]
[EventCountry "CZE"]
[SourceTitle "playchess.com"]
[Source "ChessBase"]
[SourceQuality "1"]
[TimeControl "40/5400+30:1800+30"]

1. d4 Nf6 2. c4 e6 3. Nf3 Bb4+ 4. Bd2 a5 5. g3 d6 6. Bg2 Nbd7 7. O-O e5 8. dxe5 {[%emt 0:01:12] 8.e3 is a critical line. E11: Bogo-Indian.} dxe5 {[%emt 0:01:05] 8...Nxe5 is not played anymore.} 9. Qc2 O-O 10. Nc3 {[%emt 0:00:45] White is slightly better.} c6 11. a3 Bc5 12. Na4 {[%emt 0:02:49] [#]} Bd6 $146 ({Predecessor:} 12... Re8 13. b4 axb4 14. Nxc5 Nxc5 15. axb4 Rxa1 16. Rxa1 e4 17. bxc5 exf3 18. Bxf3 Bg4 {½-½ (29) Gyimesi,Z (2610)-Kveinys,A (2517) Kemer 2007}) 13. b4 axb4 14. axb4 Re8 15. Rfd1 Qe7 16. c5 Bc7 17. e4 Nf8 18. Bc3 Bg4 19. h3 Bxf3 20. Bxf3 Ne6 21. Nb2 Rxa1 22. Rxa1 Rd8 23. Rd1 Rxd1+ {[%emt 0:07:46] The position is equal.} 24. Nxd1 Qd7 (24... Ng5 {with more complications.} 25. Bg2 Qd7 26. Kh2 Ngxe4 27. Bxe4 Nxe4 28. Qxe4 Qxd1 29. Bxe5 Bxe5 30. Qxe5 g6) 25. Qd2 {[%emt 0:04:43] Prevents Ng5.} Qxd2 26. Bxd2 Nd4 27. Kg2 Kf8 28. Ne3 Nxf3 29. Kxf3 $11 {[%emt 0:00:09][%mdl 4096] Endgame KBN-KBN} Nd7 30. Nc4 Ke7 31. Ke3 Ke6 32. Kd3 h5 33. g4 hxg4 34. hxg4 g6 35. Ne3 Bd8 36. Nc4 Bc7 {[%emt 0:00:51] Weighted Error Value: White=0.05 (flawless) /Black=0.04 (flawless)} 1/2-1/2

[Event "Czech Championship Women 2022"]
[Site "Jaromerice nad Rokytnou"]
[Date "2022.05.25"]
[Round "5.2"]
[White "Trasakova, Adela"]
[Black "Novosadova, Kristyna"]
[Result "0-1"]
[ECO "D77"]
[WhiteElo "1842"]
[BlackElo "2147"]
[Annotator "TA"]
[PlyCount "118"]
[EventDate "2022.05.24"]
[EventType "tourn"]
[EventCountry "CZE"]
[SourceTitle "playchess.com"]
[Source "ChessBase"]
[SourceQuality "1"]
[TimeControl "40/5400+30:1800+30"]

1. d4 Nf6 2. Nf3 g6 3. g3 Bg7 4. Bg2 O-O 5. O-O d5 6. c4 dxc4 7. Na3 c3 8. bxc3 c5 9. Re1 Nc6 10. e4 cxd4 {[%emt 0:12:59] is cutting edge theory. D77: Fianchetto Grünfeld: 6 0-0: Replies other than 6...c6.} 11. cxd4 {[%emt 0:00:50] [#]} b6 $146 (11... Bg4 $14) ({Predecessor:} 11... Bg4 12. Bb2 Nd7 13. Rb1 Qa5 14. Re3 Rfd8 15. d5 Nce5 16. Bxe5 Nxe5 17. Rxb7 Rac8 18. Rb5 {0-1 (47) Petrosian,T (2612)-Nakamura,H (2754) Chess.com INT 2019}) 12. Bb2 $16 Bb7 {[%emt 0:00:11] White is better.} 13. Rc1 Nb4 {[%emt 0:04:54] [#]} 14. Qb3 $1 a5 15. Ne5 Nd7 16. Red1 Nxe5 17. dxe5 Qb8 {[%emt 0:00:13] [#]} (17... Qe8 $16) 18. Nc4 $2 (18. e6 $1 $18) 18... Bc8 $1 $11 19. a3 Be6 20. axb4 {[%emt 0:09:22] Threatens to win with b5.} b5 {[%emt 0:00:07] [#]} 21. bxa5 $1 {[%emt 0:03:56][%cal Og2f1] Bf1! is the strong threat.} Bxc4 22. Qb4 Bxe5 23. Bxe5 Qxe5 24. Bf1 Rfc8 25. Bxc4 bxc4 26. Rxc4 Rcb8 27. Qc3 Qxc3 28. Rxc3 Rxa5 {[%emt 0:00:07][%mdl 4096] Endgame KRR-KRR} 29. Rd7 Re5 30. Rc4 Rb1+ 31. Kg2 Re1 32. Rdd4 g5 33. g4 Kg7 34. Kf3 h5 35. h3 h4 36. Rd3 Rb5 37. Rd5 Rxd5 38. exd5 {[%emt 0:00:02] KR-KR} Rh1 39. Kg2 Rd1 40. Rc5 f6 41. Rb5 (41. f4 $5) 41... Kf7 42. Ra5 (42. f4 $1 $11 {was the only way to keep the balance.}) 42... Rd3 $17 43. Rb5 Ke8 44. Rb4 Kd7 45. f4 gxf4 ({Weaker is} 45... Rxd5 46. fxg5 fxg5 47. Kf3 $17) 46. Rxf4 Rxd5 (46... Kd6 $17 47. Ra4 Kxd5) 47. Rf2 (47. Rb4 $15) 47... Kd6 48. Re2 e5 {[%emt 0:03:21] And now ...Rd3 would win.} 49. Rf2 Ke6 {[%emt 0:00:06] Strongly threatening ...Rd3.} 50. Kf1 $2 (50. Rf5 $17) 50... Rd3 $19 51. Kg2 e4 (51... Rg3+ $142 52. Kf1 Rxh3) 52. Rf5 Rg3+ 53. Kf2 Rxh3 54. Rh5 Rf3+ 55. Ke2 h3 56. g5 f5 57. Rh6+ Ke5 58. Ke1 Rg3 {[%emt 0:03:12] ( -> ...f4)} 59. Kf2 f4 {[%emt 0:00:13] Never resign too early!  Weighted Error Value: White=0.88/Black=0.25 (precise)} 0-1

[Event "Czech Championship Women 2022"]
[Site "Jaromerice nad Rokytnou"]
[Date "2022.05.25"]
[Round "5.3"]
[White "Richterova, Natasa"]
[Black "Sikorova, Olga"]
[Result "1-0"]
[ECO "B42"]
[WhiteElo "2181"]
[BlackElo "2173"]
[Annotator "TA"]
[PlyCount "69"]
[EventDate "2022.05.24"]
[EventType "tourn"]
[EventCountry "CZE"]
[SourceTitle "playchess.com"]
[Source "ChessBase"]
[SourceQuality "1"]
[TimeControl "40/5400+30:1800+30"]

1. e4 c5 2. Nf3 e6 3. d4 cxd4 4. Nxd4 a6 5. c4 Nf6 6. Bd3 Qc7 7. O-O b6 8. Re1 {[%emt 0:03:48] B42: Sicilian: Kan Variation: 5 Bd3.} d6 9. Nc3 Nbd7 10. Qe2 {[%emt 0:20:28][%cal Oc3d5] White wants to play Nd5! White is slightly better.} Ne5 {[%emt 0:08:05] [#]} 11. Nf3 $146 ({Predecessor:} 11. f4 Nxd3 12. Qxd3 Bb7 13. b3 Rc8 14. Bb2 Be7 15. f5 e5 16. Nf3 Ng4 17. Re2 {½-½ (44) Frost,P (1862)-Woong,Z (1591) Penang 2012}) 11... Nxd3 12. Qxd3 Bb7 13. b3 Be7 14. Bf4 O-O 15. Rac1 Rfd8 16. Nd2 Rac8 17. Nf1 Ba8 18. f3 Qb7 19. Qe2 Rd7 20. Be3 Bd8 21. Bd4 Rdc7 22. a4 {[%emt 0:07:26] Inhibits b5.} Qb8 23. Ng3 Rd7 24. Rcd1 Bc6 25. Rc1 (25. f4 $14) 25... Rb7 26. e5 Ne8 27. f4 Rd7 {[%emt 0:04:03] [#]} (27... b5 $11 {keeps the balance.}) 28. f5 $1 $16 {[%emt 0:00:14] White is more active.} Bg5 29. fxe6 fxe6 30. Rcd1 {[%emt 0:00:04] Threatens to win with Qg4.} Bh6 $2 {[%emt 0:02:16] This move loses the game for Black.} (30... dxe5 $16 31. Bxe5 Qb7) 31. Qg4 $18 Nc7 {[%emt 0:00:21] [#]} (31... Rf7 {is more resistant.} 32. exd6 (32. Qxe6 Bd7 $11) 32... Bd7) 32. Nce4 Kh8 (32... d5 $142) 33. exd6 {[%emt 0:00:36] White is clearly winning.} Ne8 34. Qxe6 Nxd6 35. Nxd6 {[%emt 0:00:54] Weighted Error Value: White=0.13 (very precise) /Black=0.39} 1-0

[Event "Czech Championship Women 2022"]
[Site "Jaromerice nad Rokytnou"]
[Date "2022.05.25"]
[Round "5.4"]
[White "Zelbova, Lada"]
[Black "Lhotska, Anna"]
[Result "1/2-1/2"]
[ECO "B92"]
[WhiteElo "1967"]
[BlackElo "2029"]
[Annotator "TA"]
[PlyCount "86"]
[EventDate "2022.05.24"]
[EventType "tourn"]
[EventCountry "CZE"]
[SourceTitle "playchess.com"]
[Source "ChessBase"]
[SourceQuality "1"]
[TimeControl "40/5400+30:1800+30"]

1. e4 c5 2. Nf3 d6 3. d4 cxd4 4. Nxd4 Nf6 5. Nc3 a6 6. Be2 e5 7. Nb3 Be7 8. Be3 Be6 9. Nd5 Nbd7 10. Qd3 O-O 11. O-O Bxd5 12. exd5 Rc8 $1 {[%emt 0:01:34][%mdl 4] is more profitable than 12...Ne8 at the moment.} 13. c4 {[%emt 0:03:09] [#]} h5 $146 {[%emt 0:01:56] B92: Sicilian Najdorf: 6 Be2.} ({Predecessor:} 13... Ne8 14. a4 a5 15. Bg4 e4 16. Qxe4 Nef6 17. Qf4 Nxg4 18. Qxg4 Ne5 19. Qe2 Nxc4 20. Bd4 Bf6 21. Rfe1 {½-½ (32) Santos Ruiz,M (2596)-Grischuk,A (2764) Chess.com INT 2022}) 14. a4 e4 15. Qd4 Ne5 {[%emt 0:20:33] White has an edge.} 16. Nd2 Nfg4 17. Nxe4 f5 18. Nd2 Bf6 19. Qb6 Qe7 20. Ra3 Nd7 21. Qb4 Be5 22. Bxg4 (22. Nf3 $14 {is superior.}) 22... hxg4 $11 23. f4 gxf3 (23... Bf6 $11) 24. Nxf3 $16 f4 25. Bd4 (25. Bf2 $16) 25... Rfe8 (25... Qf6 $14 26. Nxe5 dxe5) 26. Bxe5 {[%emt 0:02:58] White is more active.} (26. Bf2 $16) 26... Nxe5 $14 27. Nxe5 Qxe5 28. Qc3 {[%emt 0:09:00] Against Qd4+} b5 ({Black should try} 28... Qg5 $11) 29. Qxe5 Rxe5 30. Rxf4 (30. cxb5 $14 axb5 31. h4 (31. Rxf4 Rc1+ 32. Kf2 bxa4 $16) (31. axb5 Rxd5 32. Rxf4 Rxb5 $14)) 30... Rxc4 $11 31. Rxc4 bxc4 $14 {[%emt 0:00:03][%mdl 4096] Endgame KR-KR} 32. Rc3 Rxd5 33. Rxc4 {[%emt 0:00:07] aiming for b4.} Rd2 (33... Rd1+ $11 {and Black stays safe.} 34. Kf2 Rd2+ 35. Kf3 Rxb2) 34. Rc6 a5 35. Kf1 ({White should play} 35. b3 $16) 35... Rxb2 $11 36. Ra6 Kf7 (36... Rb1+ $11 {remains equal.} 37. Ke2 Rb2+ 38. Kf1 Rb1+ 39. Ke2 Rb2+ 40. Kf3 Rb3+ 41. Kf2 Rb2+ 42. Kg3 Rb3+ 43. Kf2 Rb2+ 44. Kf3 Rb3+ 45. Ke2 Rb2+) 37. Rxa5 $16 ({Much worse is} 37. Rxd6 $6 Rb4 $11) 37... Ra2 38. h3 ({Better is} 38. Ra7+ $16 Ke6 39. a5 (39. Rxg7 Rxa4 40. h3 d5 $16)) 38... Ke6 {[%emt 0:00:36] [#]} (38... d5 $1 $14) 39. Rg5 (39. Ra8 $1 $16) 39... Kf6 {[%emt 0:00:23] The position is equal.} 40. Rg4 d5 41. h4 g6 42. Rg5 Rxa4 43. Rxd5 Rxh4 {[%emt 0:00:11] Weighted Error Value: White=0.28 (precise) /Black=0.28 (precise)} 1/2-1/2

[Event "Czech Championship Women 2022"]
[Site "Jaromerice nad Rokytnou"]
[Date "2022.05.25"]
[Round "5.5"]
[White "Nemcova, Karin"]
[Black "Petrova, Kristyna"]
[Result "0-1"]
[ECO "D00"]
[WhiteElo "2181"]
[BlackElo "2264"]
[Annotator "TA"]
[PlyCount "99"]
[EventDate "2022.05.24"]
[EventType "tourn"]
[EventCountry "CZE"]
[SourceTitle "playchess.com"]
[Source "ChessBase"]
[SourceQuality "1"]
[TimeControl "40/5400+30:1800+30"]

1. d4 Nf6 2. Nc3 d5 3. Bf4 e6 4. Nb5 Na6 5. e3 Be7 6. Nf3 {[%emt 0:01:14] D00: 1 d4 d5: Unusual lines.} O-O 7. Ne5 c6 8. Nc3 {[%emt 0:00:28] The position is equal.} Qa5 {[%emt 0:10:53][%cal Oe7a3] [#]} 9. f3 $146 (9. Bd3 $11) ({Predecessor:} 9. Bd3 Nb4 10. Be2 Ne4 11. O-O f6 12. Nxe4 fxe5 13. Bg5 Qd8 14. Bxe7 Qxe7 15. Nd2 {1-0 (56) Ponomariov,T (2172)-Medvedev,M (1929) Voronezh 2019}) 9... Nh5 10. Bg3 {[%emt 0:02:26] [#]} c5 (10... Ba3 $1 $15 11. bxa3 (11. Bxa6 $2 Bxb2 12. Kf2 Qxc3 $19) (11. Qc1 f6) 11... Qxc3+ 12. Ke2 (12. Kf2 f6 $17) 12... Nxg3+ 13. hxg3 c5) 11. Bf2 $11 cxd4 12. exd4 Nb4 13. g4 Nf4 14. a3 $1 Nc6 15. Bg3 Ng6 {[%emt 0:02:10] Black is more active.} 16. Nxc6 bxc6 17. h4 f6 18. Bd3 Nh8 (18... e5 $5 ) 19. b4 Qd8 20. Ne2 e5 21. c3 {[%emt 0:00:31] Black must now prevent Qc2.} e4 (21... Nf7 {deserves consideration.}) 22. fxe4 Bxg4 23. Qc2 Bf3 24. O-O Bxe4 25. Bxe4 dxe4 26. Qxe4 Qd7 27. Nf4 Rfe8 28. Qf3 Nf7 29. Ra2 Bd6 (29... Bf8 $11) 30. Rg2 ({White has to play} 30. Nh5 $1 $16 Bf8 31. Qxf6 $3 ) 30... Bxf4 31. Bxf4 Kh8 32. Kh2 Rg8 33. h5 h6 34. Rg6 ({White should play} 34. Re1 $11) 34... Qd5 (34... Rae8 $15) 35. Qg3 $2 (35. Qxd5 $11 cxd5 36. Rg2) 35... Ng5 $2 (35... Qxh5+ $19 36. Kg1 Ng5 37. Rxg5 hxg5) 36. Bxg5 $16 fxg5 (36... hxg5 $142 37. h6 Rae8) 37. Rd6 ({White must play} 37. Qe5 $1 $16 Kh7 38. Kg1) 37... Qe4 $11 38. Re1 Qc2+ 39. Kh1 (39. Qg2 $11 Qxc3 40. Ree6) 39... Rae8 $17 {[%emt 0:01:07] Hoping for ...Rgf8.} 40. Rxc6 (40. Rde6 $17 Rxe6 41. Rxe6) 40... Rxe1+ $2 (40... Rgf8 $1 $19 {Threatens to win with ...Re2.} 41. Rc5 Rxe1+ 42. Qxe1 Qd3) 41. Qxe1 {[%emt 0:30:06][%mdl 4096] Endgame KQR-KQR} Qf5 42. Qe2 {[%emt 0:00:00] Inhibits Qf3+.} (42. Qe6 $11 {keeps the balance.} Qf1+ 43. Kh2) 42... Rf8 ({Black should try} 42... Qd5+ $1 $17 43. Qg2 Qf7) 43. Kg1 Qh3 {[%emt 0:07:50] aiming for ...Qg3+.} 44. d5 (44. Rc5 $11 {remains equal.}) 44... Qg3+ {[%emt 0:02:45][%mdl 1024] Black has strong compensation.} 45. Kh1 g4 46. Rc4 $2 {[%emt 0:00:00][%mdl 8192] [#]} (46. Re6 $17 {was the crucial defense.}) 46... Qh3+ $1 $19 47. Kg1 {[%emt 0:00:00] [#]} g3 ({Wrong is} 47... Qg3+ $2 48. Kh1 Qh3+ 49. Kg1 Qg3+ 50. Kh1 $19) 48. Qg2 {[%emt 0:00:00] Against Rf1+} Qf5 (48... Qxh5 $19 {[%cal Of8f1] ( -> ...Rf1+!)} 49. Rd4 Qg6) 49. Re4 $15 Qxd5 50. Re1 $2 {[%emt 0:00:02][%mdl 8192] Prevents Qd1.  Weighted Error Value: White=0.52/Black=0.44} (50. Qe2 $1 $15) 0-1

[Event "Czech Championship Women 2022"]
[Site "Jaromerice nad Rokytnou"]
[Date "2022.05.26"]
[Round "6.1"]
[White "Pilsova, Karolina"]
[Black "Petrova, Kristyna"]
[Result "1/2-1/2"]
[ECO "D03"]
[WhiteElo "2229"]
[BlackElo "2264"]
[Annotator "TA"]
[PlyCount "60"]
[EventDate "2022.05.24"]
[EventType "tourn"]
[EventCountry "CZE"]
[SourceTitle "playchess.com"]
[Source "ChessBase"]
[SourceQuality "1"]
[TimeControl "40/5400+30:1800+30"]

1. d4 Nf6 2. Bg5 d5 3. e3 c5 4. c3 e6 5. Nd2 Nc6 6. Ngf3 Be7 7. Bd3 b6 8. O-O Bb7 9. Ne5 Nxe5 10. dxe5 Nd7 {[%emt 0:00:06][%csl LRe5,LRg5] D03: 1 d4 d5 2 Nf3 Nf6 3 Bg5, including Torre Attack with early ...d5.} 11. Bxe7 Qxe7 12. Qg4 (12. f4 $11) 12... O-O-O {[%emt 0:06:56] Black is slightly better.} (12... h5 $5 13. Qa4 (13. Qxg7 O-O-O $17) 13... O-O $11) 13. Nf3 {[%emt 0:09:07] [#]} ({But not} 13. Qxg7 Rdg8 14. Qh6 Nxe5 $17) 13... h5 $146 ({Predecessor:} 13... f6 14. Qh4 Qf7 15. exf6 gxf6 16. a4 a5 17. b4 Qg7 18. bxa5 bxa5 19. Rfb1 Rhg8 {0-1 (65) Costa,G-Noronha,L Brazil CXEB 2001}) 14. Qf4 ({Avoid the trap} 14. Qxg7 $2 Rdg8 15. Qxh8 Rxh8 $19) 14... f6 15. exf6 (15. h4 $11) 15... Qxf6 (15... gxf6 $15 16. Nh4 Rhg8) 16. Rfe1 (16. Ng5 $14) 16... Rhf8 (16... e5 $11 17. Qxf6 gxf6) 17. Qxf6 {[%emt 0:01:16] White is much more active.} ({White should try} 17. Qg3 $14) 17... gxf6 $11 18. e4 c4 19. Bc2 dxe4 20. Bxe4 Nc5 21. Bxb7+ Kxb7 22. Re2 e5 23. Nd2 b5 24. Ne4 Nd3 25. h4 Rf7 26. Rd1 (26. b4 $15) 26... Kc6 27. Red2 Rdd7 ({Better is} 27... f5 $17 28. Ng5 Re7) 28. f3 f5 29. Nf2 Nxf2 (29... Nc5 $15) 30. Kxf2 f4 {[%emt 0:00:30] Weighted Error Value: White=0.31/Black=0.39} 1/2-1/2

[Event "Czech Championship Women 2022"]
[Site "Jaromerice nad Rokytnou"]
[Date "2022.05.26"]
[Round "6.2"]
[White "Lhotska, Anna"]
[Black "Nemcova, Karin"]
[Result "1-0"]
[ECO "B47"]
[WhiteElo "2029"]
[BlackElo "2181"]
[Annotator "TA"]
[PlyCount "93"]
[EventDate "2022.05.24"]
[EventType "tourn"]
[EventCountry "CZE"]
[SourceTitle "playchess.com"]
[Source "ChessBase"]
[SourceQuality "1"]
[TimeControl "40/5400+30:1800+30"]

1. e4 c5 2. Nf3 e6 3. d4 cxd4 4. Nxd4 Nc6 5. Nc3 Qc7 6. g3 a6 7. Bg2 Nf6 8. O-O Be7 9. Re1 Nxd4 10. Qxd4 e5 11. Qd3 {[%emt 0:01:42] B47: Sicilian: Taimanov: 5 Nc3 Qc7 6 f4, 6 g3 and 6 Be2.} h6 {[%emt 0:02:32] [#] Prevents Bg5.} 12. Kh1 $146 ({Predecessor:} 12. a4 d6 13. a5 Be6 14. Bd2 Rc8 15. b3 O-O 16. Ra2 Rfd8 17. Nd5 Nxd5 18. exd5 Bd7 {1-0 (60) Moskalenko,A (2533)-Gorbatov,A (2397) Moscow 2018}) 12... O-O 13. f4 {[%emt 0:04:12] The position is equal.} d6 14. Be3 Be6 15. Nd5 Bxd5 16. exd5 exf4 17. Bxf4 Rfe8 18. c4 Rac8 19. Rac1 Qb6 20. Bh3 {[%emt 0:03:10] Against Ng4} Rcd8 21. Re2 Bf8 22. Be3 Qc7 23. b4 Qe7 24. Rce1 Qc7 {[%emt 0:07:07][%cal Ob7b5] Prevents Bb6.} 25. a3 Re4 26. Bd4 Rxe2 27. Rxe2 Nd7 28. Rf2 {[%emt 0:01:56][%cal Of2f7] Threatens to win with Rxf7! White is much more active.} Re8 29. Qf5 (29. Qf1 $16 Re7 30. Rc2) 29... Ne5 $11 30. Bf1 g6 31. Qc2 Qd7 (31... Bg7 $11) 32. Bg2 $36 {[%emt 0:00:59][%mdl 2048] White is more active.} Ng4 33. Re2 Bg7 34. Bg1 {[%emt 0:01:41] This bishop pair is nice.} Ne5 35. c5 Rc8 36. Qb3 Qb5 37. Rc2 {[%emt 0:01:04] And now c6 would win.} dxc5 {[%emt 0:00:59] [#]} (37... Qe8 $16 {is a better defense.} 38. h3 (38. cxd6 Bf8 $16) 38... h5) 38. Rxc5 $2 ({But not} 38. Bxc5 $6 Bf8 39. Bg1 Rxc2 40. Qxc2 Bd6 $11) ({Only move:} 38. a4 $1 $18 Qb6 39. Qa3 (39. Bxc5 Qf6 $16) (39. Rxc5 Rxc5 40. Bxc5 Qd8 $14)) 38... Rxc5 $11 39. Bxc5 Qe2 40. h3 Nd3 {[%emt 0:04:03] White must now prevent ...Ne1.} 41. Qb1 (41. d6 $11 Nxc5 42. bxc5) 41... Be5 $17 42. Qf1 Qc2 43. d6 {[%emt 0:05:39] aiming for Bd5.} Nxc5 44. bxc5 Qxc5 45. d7 {[%emt 0:00:29] [#]} Qd6 (45... Qd4 $142 $1 46. Qf3 Qxd7 47. Qxb7 Bc7) 46. Qe2 Kg7 $2 (46... Bf6 $17 {and life is bright.} 47. Qf3 Bd8 48. Qxb7 Qxg3) 47. d8=Q {[%emt 0:00:29] Weighted Error Value: White=0.21 (precise) /Black=0.32} 1-0